 Dungeon Crawl Stone Soup version 0.27-a0-385-g3208abaabc (webtiles) character file.

Game seed: 3245328339155974712

175046 Morbidden the Carver (level 16, -9/136 HPs)
             Began as a Demigod Fighter on Feb 18, 2021.
             Killed from afar by a thorn hunter (25 damage)
             ... with a volley of thorns
             ... on level 4 of the Swamp.
             The game lasted 01:29:13 (45233 turns).

Morbidden the Carver (Demigod Fighter)             Turns: 45233, Time: 01:29:14

Health: -9/136     AC: 33    Str: 25    XL:     16   Next: 91%
Magic:  33/33      EV: 15    Int: 25    God:
Gold:   555        SH:  9    Dex: 17    Spells: 25/32 levels left

rFire    + + .     SeeInvis .   a - +7 Singing Sword {vorpal, sonic wave}
rCold    + + .     Faith    .   E - +2 buckler {rPois}
rNeg     . . .     Spirit   .   k - +7 shadow dragon scales "Fexzyele" {rF++ Int+3 Dex+4 Stlth++++}
rPois    +         Reflect  .   Y - +0 helmet
rElec    +         Harm     .   d - +2 cloak {rCorr}
rCorr    +         Rampage  .   y - +0 pair of gloves
Will     +....                  K - -1 pair of boots of Space {rElec rC++ Slay+3}
Stlth    ++++......             M - amulet of regeneration
HPRegen  1.32/turn              f - +4 ring of protection
MPRegen  0.23/turn              H - ring of Shadows {Umbra +Inv Stlth+}

@: marked, hasted, wreathed by umbra, studying Hexes, slow
A: molten scales 1, high mp 1, electricity resistance
a: Evoke Invisibility


You were on level 4 of the Swamp.
You visited 4 branches of the dungeon, and saw 27 of its levels.
You visited the Abyss 1 time.
You also visited: Ossuary.

You collected 4185 gold pieces.
You spent 3630 gold pieces at shops.

Inventory:

Hand Weapons
 a - the +7 Singing Sword (weapon) {vorpal, sonic wave}
   (You found it on level 4 of the Dungeon)

   It inflicts extra damage upon your enemies.
 b - a +3 demon blade of freezing
Missiles
 X - 2 curare-tipped darts
Armour
 c - a +2 tower shield of protection
 d - a +2 cloak of preservation (worn)
 k - the +7 shadow dragon scales "Fexzyele" (worn) {rF++ Int+3 Dex+4 Stlth++++}
   (You bought it in a shop on level 2 of the Orcish Mines)

   It affects your intelligence (+3).
   It affects your dexterity (+4).
   It greatly protects you from fire.
   It makes you much more stealthy.
 y - a +0 pair of gloves (worn)
 E - a +2 buckler of poison resistance (worn)
 K - the -1 pair of boots of Space (worn) {rElec rC++ Slay+3}
   (You found it on level 9 of the Dungeon)

   It affects your accuracy and damage with ranged weapons and melee attacks
   (+3).
   It greatly protects you from cold.
   It insulates you from electricity.
 Y - a +0 helmet (worn)
Jewellery
 f - a +4 ring of protection (left hand)
 s - a ring of magical power
 w - a ring of magical power
 D - a ring of protection from cold
 H - the ring of Shadows (right hand) {Umbra +Inv Stlth+}
   (You bought it in a shop on level 7 of the Dungeon)

   [ring of stealth]

   It lets you turn invisible.
   It makes you more stealthy.
 I - a ring of protection from fire
 M - an amulet of regeneration (around neck)
 T - a ring of protection from cold
 W - the ring "Feenakhe" {Will+ Dex+4}
   (You found it on level 15 of the Dungeon)

   [ring of willpower]

   It affects your dexterity (+4).
   It affects your willpower, your defense against some magical effects.
Wands
 x - a wand of mindburst (4)
 J - a wand of iceblast (20) (quivered)
 N - a wand of paralysis (17)
 O - a wand of flame (8)
 S - a wand of digging (8)
Scrolls
 e - 5 scrolls of identify
 j - 10 scrolls of magic mapping
 l - 4 scrolls of amnesia
 p - 5 scrolls of enchant weapon
 q - 3 scrolls of fear
 u - a scroll of holy word
 B - 2 scrolls of fog
 L - 2 scrolls of noise
 P - 4 scrolls of enchant armour
Potions
 g - 5 potions of flight
 m - 6 potions of might
 n - 6 potions of brilliance
 o - a potion of lignification
 r - 3 potions of haste
 t - 2 potions of mutation
 v - 5 potions of magic
 z - 11 potions of curing
 A - 7 potions of ambrosia
 C - 2 potions of resistance
 F - 2 potions of cancellation
 G - 5 potions of attraction
Miscellaneous
 U - a condenser vane (inert)
 V - a box of beasts
 Z - a phantom mirror (inert)


   Skills:
 * Level 10.8 Fighting
 - Level 5.0(10.6) Short Blades
 * Level 14.1(14.4) Long Blades
 + Level 8.6 Armour
 * Level 10.8 Dodging
 + Level 5.8 Stealth
 + Level 10.0 Shields
 * Level 8.8 Spellcasting
 * Level 8.7 Conjurations
 * Level 4.5 Translocations
 + Level 11.2 Air Magic
 + Level 4.0 Evocations


You had 25 spell levels left.
You knew the following spells:

 Your Spells              Type           Power        Failure   Level
a - Magic Dart            Conj           100%         1%          1
b - Searing Ray           Conj           100%         1%          2
c - Iskenderun's Mystic   Conj/Tloc      44%          19%         4

Your spell library contained the following spells:

 Spells                   Type           Power        Failure   Level
 Poisonous Vapours        Pois/Air       78%          4%          2
 Mephitic Cloud           Conj/Pois/Air  44%          6%          3
 Conjure Flame            Conj/Fire      32%          14%         3
 Dazzling Flash           Conj/Hex       64%          14%         3
 Gell's Gravitas          Tloc           16%          14%         3
 Iskenderun's Battlesphe  Conj           53%          22%         5
 Summon Lightning Spire   Summ/Air       39%          28%         4
 Animate Skeleton         Necr           22%          30%         1
 Corona                   Hex            12%          30%         1
 Pain                     Necr           44%          30%         1
 Ensorcelled Hibernation  Hex/Ice        22%          41%         2
 Fulminant Prism          Conj/Hex       16%          43%         4
 Confusing Touch          Hex            11%          65%         3
 Tukima's Dance           Hex            11%          65%         3
 Vampiric Draining        Necr           5%           65%         3
 Bolt of Magma            Conj/Fire/Erth 12%          94%         5
 Animate Dead             Necr           5%           96%         4
 Petrify                  Tmut/Erth      11%          96%         4
 Summon Ice Beast         Ice/Summ       11%          96%         4
 Freezing Cloud           Conj/Ice/Air   22%          96%         6
 Agony                    Necr           11%          100%        5
 Metabolic Englaciation   Hex/Ice        5%           100%        5
 Yara's Violent Unravell  Hex/Tmut       5%           100%        5
 Iron Shot                Conj/Erth      16%          100%        6
 Orb of Destruction       Conj           26%          100%        7
 Spellforged Servitor     Conj/Summ      16%          100%        7


Dungeon Overview and Level Annotations

Branches:
Dungeon (15/15)            Temple (0/1) D:6            Lair (6/6) D:9
  Swamp (4/4) Lair:3       Spider (0/4) Lair:2        Slime (0/5) Lair:5
    Orc (2/2) D:10            Elf (0/3) Orc:2        Vaults (0/5) D:13
 Depths (0/5) D:15        Ossuary (visited)

Shops:
D:7 =?*   D:9 [   D:15 (   Orc:2 (:[*

Annotations:
D:6 3 runed translucent doors, exclusion: door, Chiseanne's ghost, weakling SpDe; RamboRex's ghost, novice MiBe
D:13 1 runed translucent door, Kouhutie's ghost, journeyman GrFE
Lair:1 2 transporters, exclusion: oklob plant
Lair:5 3 runed translucent doors, Acosmix's ghost, journeyman GrFi


Innate Abilities, Weirdness & Mutations

You have an increased reservoir of magic. (+10% MP)
You are partially covered in molten scales. (AC +2)
You are resistant to electric shocks. (rElec)


Message History

The thorn hunter hits you but does no damage.
The grasping roots constrict you.
The thorn hunter gestures.
Thorny briars emerge from the ground!
The shambling mangrove barely misses you.
Unknown command.
You escape the roots' grasp.
You block the spriggan druid's attack.
Roots burst forth from the earth!
The grasping roots grab you! The grasping roots constrict you!
You escape the roots' grasp.
The thorn hunter fires a volley of thorns at you.
The volley of thorns hits you!
You completely miss the briar patch.
Unknown command.
You slash the briar patch!
You destroy the briar patch!
Roots burst forth from the earth!
The grasping roots grab you! The grasping roots constrict you!
The spriggan druid gestures at you while chanting.
The stone arrow hits you.
You escape the roots' grasp.
Unknown command.
Unknown command.
You enter the shallow water.
Moving in this stuff is going to be slow.
The thorn hunter fires a volley of thorns at you.
The volley of thorns hits you!!
* * * LOW HITPOINT WARNING * * *
Unknown command.
The briar patch crumbles away.
The thorn hunter fires a volley of thorns at you.
The volley of thorns hits you!!
* * * LOW HITPOINT WARNING * * *
The thorn hunter hits the briar patch but does no damage.
The thorn hunter hits the briar patch!
The thorn hunter fires a volley of thorns at you.
The volley of thorns hits you!!
You die...

♣≈≈≈[♣♣..†[...≈≈≈
♣♣♣.).≈♣†).≈.≈≈≈≈≈ ≈
♣§..[≈≈.≈≈≈.≈≈≈≈≈≈ ≈≈
♣♣≈≈.≈≈≈≈.♣♣§.≈≈≈≈ . ≈≈≈
♣♣♣≈≈≈≈≈≈≈≈.♣♣♣≈≈≈≈ ≈.§
$≈≈≈ ♣≈≈.≈≈≈≈≈≈≈.♣ ...≈
≈≈. .≈.≈.
♣.[§≈≈≈≈≈≈≈§♣♣♣...≈ ≈♣
≈.≈≈≈.♣♣.§.≈≈§≈.PP.P♣PPPP≈
♣
.=Zt☼.≈<.)..@≈≈PfPPPPPPPP≈
♣♣♣
♣♣♣♣♣.??....≈.♣♣♣if.##♣P.
.≈♣ R.≈.≈≈≈..≈≈####f.##
≈.≈ ≈R..$.≈≈≈≈≈≈§♣ ♣....♣#
≈≈≈ ≈.R.....≈≈§≈##♣#ff♣..#
♣♣♣ ).≈≈.♣♣♣♣≈.#♣
♣f≈).♣≈.# ♣ ..≈≈. ♣♣♣#
♣...♣≈...♣ ♣ ♣.≈≈♣
♣..f...♣..≈.# ♣
♣≈.♣♣♣♣.#♣≈.#


You could see 2 thorn hunters and a spriggan druid.

Vanquished Creatures
  Mara (Swamp:4)
  Nikola (Swamp:4)
  Jorgrun (Swamp:1)
  A tentacled starspawn (Abyss:2)
  4 thorn hunters
  Louise (Swamp:4)
  3 orc warlords
  A vampire knight (Swamp:4)
  5 bunyips
  3 eleionomae
  2 ettins
  A shambling mangrove (Swamp:1)
  A vault guard (D:13)
  3 boulder beetles
  2 ogre magi
  2 centaur warriors
  17 hydras
  6 two-headed ogres
  2 catoblepae
  3 tengu warriors
  3 ghost crabs
  14 alligators
  3 thrashing horrors (Abyss:2)
  Nergalle (Lair:4)
  22 spriggans
  3 orc high priests (Orc:2)
  A sixfirhy (Abyss:2)
  3 goliath frogs
  A deep troll (D:15)
  2 unseen horrors
  3 spriggan druids
  8 swamp dragons
  3 spectral hydras (Swamp:4)
  A deep elf archer (D:15)
  A lindwurm (Lair:6)
  A wizard (D:12)
  6 bog bodies
  2 deep elf pyromancers
  4 manticores
  An oklob plant (Lair:4)
  9 orc knights
  A wolf spider (Lair:2)
  2 cyclopes
  6 orc sorcerers
  A wolf spider zombie (D:15)
  2 will-o-the-wisps
  An ugly thing (D:11)
  18 elephants
  7 black mambas
  An ice statue (D:15)
  2 gargoyles
  2 torpor snails
  A yaktaur (D:12)
  11 cane toads
  4 rime drakes
  12 komodo dragons
  A hellion (Abyss:2)
  2 centaur skeletons
  3 freezing wraiths
  An ice devil (Abyss:2)
  An ancient zyme (Abyss:2)
  A tengu conjurer (D:14)
  3 hydra zombies (Swamp:4)
  A queen bee (Lair:2)
  11 trolls
  2 large abominations (Abyss:2)
  A meliai (shapeshifter) (D:14)
  9 tyrant leeches
  2 death drake zombies (Swamp:4)
  16 hornets
  7 polar bears
  Grinder (D:4)
  A harpy skeleton (D:15)
  33 blink frogs
  A dream sheep (Lair:6)
  2 hydra skeletons (Swamp:4)
  11 slime creatures
  2 death drake skeletons (Swamp:4)
  A redback (Lair:2)
  4 raiju (Abyss:2)
  5 wyverns
  3 wraiths
  2 vampires
  34 yaks
  3 steam dragons
  9 basilisks
  A chaos spawn (Abyss:2)
  Menkaure (D:7)
  7 vampire mosquitoes
  4 wargs
  17 swamp worms
  An acid dragon (D:14)
  12 water moccasins
  4 hell hounds (Abyss:2)
  3 hydra simulacra (Swamp:4)
  49 orc warriors
  2 ice beasts
  3 black bears
  2 sky beasts
  3 swamp drakes
  40 wolves
  3 boggarts (Lair:6)
  17 ogres
  4 centaurs
  2 swamp dragon skeletons (Swamp:4)
  6 phantoms
  17 bullfrogs
  2 gnoll sergeants
  A water moccasin zombie (D:8)
  5 scorpions (D:4)
  A wyvern skeleton (D:6)
  38 killer bees
  9 wights
  3 electric eels (D:10)
  2 bullfrog zombies
  A quasit (Abyss:2)
  Crazy Yiuf (D:2)
  4 hounds
  A jelly (D:13)
  35 orc priests
  A bullfrog skeleton (D:4)
  10 worker ants
  4 iguanas
  37 orc wizards
  7 hell rats (Lair:1)
  A hound zombie (D:5)
  A hound skeleton (D:4)
  8 mummies (Ossuary)
  13 gnolls
  9 adders
  3 river rats (Lair:2)
  A shadow imp (D:10)
  3 white imps
  3 ufetubi
  2 oozes
  An adder zombie (D:6)
  A worm (D:4)
  A dart slug (D:1)
  5 leopard geckos
  131 orcs
  8 giant cockroaches
  2 gnoll zombies (Ossuary)
  6 goblins
  11 hobgoblins
  13 jackals
  5 kobolds
  8 quokkas
  A ball python (D:6)
  20 bats
  4 frilled lizards
  3 hobgoblin zombies (Ossuary)
  A kobold zombie (Ossuary)
  A leopard gecko skeleton (D:6)
  2 orc zombies (Ossuary)
  A quokka zombie (D:9)
  9 rats
  12 briar patches
  3 starspawn tentacles (Abyss:2)
  A toadstool (Swamp:3)
1050 creatures vanquished.

Vanquished Creatures (collateral kills)
  A hydra zombie (Swamp:4)
  A shambling mangrove (Swamp:4)
  A spriggan druid (Swamp:4)
  An orc warrior (Orc:2)
  An orc (Orc:2)
5 creatures vanquished.

Vanquished Creatures (others)
  A wizard (D:9)
  A shadow (D:10)
  2 killer bees (Lair:2)
  An orc wizard (Orc:2)
  A hobgoblin (D:1)
  2 briar patches (Swamp:4)
  6 foxfires (Swamp:1)
  53 fungi
  122 plants
  A starspawn tentacle (Abyss:2)
  4 toadstools (Swamp:3)
194 creatures vanquished.

Grand Total: 1249 creatures vanquished

Notes
Turn   | Place    | Note
-------+----------+-------------------------------------------
     0 | D:1      | Morbidden the Demigod Fighter began the quest for the Orb.
     0 | D:1      | Reached XP level 1. HP: 18/18 MP: 3/3
   202 | D:1      | Reached XP level 2. HP: 19/25 MP: 4/4
   225 | D:1      | Reached skill level 2 in Long Blades
   842 | D:1      | Reached XP level 3. HP: 21/31 MP: 4/6
  1345 | D:2      | Found a stormy altar of Qazlal.
  1765 | D:2      | Found a runed translucent door.
  1766 | D:2      | Noticed Crazy Yiuf
  2036 | D:2      | Killed Crazy Yiuf
  2037 | D:2      | Reached skill level 1 in Spellcasting
  2037 | D:2      | Reached XP level 4. HP: 9/38 MP: 0/8
  2353 | D:3      | Reached skill level 3 in Long Blades
  2766 | D:3      | Reached skill level 1 in Dodging
  2782 | D:3      | Noticed an ogre
  3307 | D:3      | Found an iron altar of Okawaru.
  3416 | D:3      | Reached XP level 5. HP: 41/45 MP: 9/9
  4908 | D:4      | Reached XP level 6. HP: 45/51 MP: 9/11
  4955 | D:4      | Found a sparkling altar of Nemelex Xobeh.
  5058 | D:4      | Noticed Grinder
  5065 | D:4      | Paralysed by Grinder for 6 turns
  5073 | D:4      | Paralysed by Grinder for 5 turns
  5082 | D:4      | Killed Grinder
  5083 | D:4      | Reached skill level 4 in Long Blades
  5404 | D:4      | Reached XP level 7. HP: 57/58 MP: 13/13
  5784 | D:4      | Reached skill level 5 in Long Blades
  5797 | D:4      | Found the +7 Singing Sword {vorpal, sonic wave}
  6002 | D:5      | Entered Level 5 of the Dungeon
  6305 | D:5      | Found a burning altar of Makhleb.
  6305 | D:5      | Noticed a balrug
  6308 | D:5      | Noticed a smoke demon
  6308 | D:5      | Noticed a smoke demon
  6331 | D:5      | Found a broken altar of Ashenzari.
  6653 | D:5      | Reached XP level 8. HP: 66/66 MP: 15/15
  7112 | D:5      | Found a hazy altar of Hepliaklqana.
  7229 | D:6      | Found a runed translucent gate.
  7240 | D:6      | Found a runed translucent gate.
  7240 | D:6      | Found a runed translucent gate.
  7244 | D:6      | Noticed RamboRex's ghost (novice MiBe)
  7244 | D:6      | Noticed Chiseanne's ghost (weakling SpDe)
  7317 | D:6      | Found a snail-covered altar of Cheibriados.
  7352 | D:6      | Found a glowing golden altar of the Shining One.
  7403 | D:6      | Reached skill level 6 in Long Blades
  8065 | D:6      | Found a staircase to the Ecumenical Temple.
  8701 | D:6      | Reached skill level 1 in Stealth
  8837 | D:6      | Found an opulent altar of Gozag.
  9229 | D:7      | Found a shadowy altar of Dithmenos.
  9286 | D:7      | Found Ecul's Jewellery Shoppe.
  9404 | D:7      | Found Adghuifiu's Assorted Antiques.
  9434 | D:7      | Found Maosifaxir's Magic Scroll Shop.
  9507 | D:7      | Noticed Menkaure
  9513 | D:7      | Killed Menkaure
  9514 | D:7      | Reached skill level 1 in Short Blades
  9758 | D:7      | Found a white marble altar of Elyvilon.
  9968 | D:7      | Learned a level 1 spell: Magic Dart
 10052 | D:8      | Identified the Tome of Supportive Malediction
 10067 | D:8      | Reached skill level 1 in Conjurations
 10092 | D:8      | You fall into a shaft and drop 1 floor!
 10122 | D:8      | Found a sand-covered staircase.
 10135 | Ossuary  | Entered an ossuary
 10631 | D:8      | Noticed a hornet
 10645 | D:8      | Killed a hornet
 10646 | D:8      | Reached skill level 1 in Air Magic
 10646 | D:8      | Reached XP level 9. HP: 36/73 MP: 17/17
 11238 | D:8      | Reached skill level 7 in Long Blades
 11341 | D:8      | Reached skill level 5 in Fighting
 11583 | D:8      | Found a shimmering altar of Xom.
 11584 | D:8      | Noticed a deep elf pyromancer
 11595 | D:8      | Killed a deep elf pyromancer
 11725 | D:7      | Bought the ring of Shadows {Umbra +Inv Stlth+} for 520 gold
                  | pieces
 11725 | D:7      | Found the ring of Shadows {Umbra +Inv Stlth+}
 11834 | D:10     | Entered Level 10 of the Dungeon
 11914 | D:9      | Reached skill level 5 in Shields
 12089 | D:9      | Noticed a wizard
 12095 | D:9      | Killed a wizard
 12096 | D:9      | Noticed a two-headed ogre
 12469 | D:9      | Got a pair of faintly glowing boots
 12470 | D:9      | Identified the -1 pair of boots of Space {rElec rC++
                  | Slay+3} (You found it on level 9 of the Dungeon)
 12849 | D:9      | Found a staircase to the Lair.
 12865 | D:9      | Killed a two-headed ogre
 12866 | D:9      | Reached XP level 10. HP: 63/81 MP: 19/19
 13397 | D:9      | Found a shimmering altar of Xom.
 13474 | D:9      | Found Plog's Armour Shop.
 13985 | D:10     | Reached skill level 5 in Armour
 14159 | D:10     | Reached skill level 5 in Dodging
 14960 | D:10     | Found a staircase to the Orcish Mines.
 15106 | D:11     | Noticed a seven-headed hydra
 15586 | D:11     | Noticed a red ugly thing
 15702 | Lair:1   | Entered Level 1 of the Lair of Beasts
 15743 | D:9      | Reached skill level 8 in Long Blades
 16046 | Lair:1   | Noticed a black mamba
 16062 | Lair:1   | Killed a black mamba
 16063 | Lair:1   | Reached XP level 11. HP: 18/89 MP: 22/22
 16313 | Lair:1   | Reached skill level 5 in Spellcasting
 16319 | Lair:1   | Reached skill level 5 in Air Magic
 16560 | Lair:1   | Noticed a seven-headed hydra
 16583 | Lair:1   | Found a transporter.
 16585 | Lair:1   | Found a transporter.
 17269 | Lair:1   | Noticed a boulder beetle
 18335 | Lair:2   | Found a snail-covered altar of Cheibriados.
 18425 | Lair:2   | Found a hole to the Spider Nest.
 18760 | Lair:2   | Reached XP level 12. HP: 60/100 MP: 24/24
 18803 | Lair:2   | Learned a level 2 spell: Searing Ray
 19119 | Lair:2   | Noticed a catoblepas
 19584 | D:11     | Noticed a boulder beetle
 19606 | D:11     | Killed a boulder beetle
 19607 | D:11     | Reached skill level 5 in Short Blades
 19788 | D:11     | Gained mutation: You are partially covered in molten
                  | scales. (AC +2) [potion of mutation]
 19788 | D:11     | Gained mutation: You are resistant to electric shocks.
                  | (rElec) [potion of mutation]
 19810 | D:11     | HP: 1/150 [red ugly thing (18)]
 20122 | D:11     | Noticed a five-headed hydra
 20176 | D:11     | Reached skill level 5 in Conjurations
 20191 | D:11     | Reached skill level 9 in Long Blades
 20482 | D:11     | Killed a five-headed hydra
 20486 | D:11     | Killed a seven-headed hydra
 21212 | D:12     | Noticed a boulder beetle
 21220 | D:12     | Killed a boulder beetle
 22461 | D:13     | Noticed a centaur warrior
 22464 | D:13     | Killed a centaur warrior
 22527 | D:13     | Found a stormy altar of Qazlal.
 22665 | D:13     | Reached XP level 13. HP: 107/107 MP: 26/26
 22992 | D:13     | Found a runed translucent door.
 22993 | D:13     | Noticed Kouhutie's ghost (journeyman GrFE)
 23206 | D:13     | Found a gate to the Vaults.
 23497 | D:13     | Found a shimmering blue altar of Sif Muna.
 23497 | D:13     | Found a basalt altar of Yredelemnul.
 23499 | D:13     | Found an iron altar of Okawaru.
 23499 | D:13     | Found a shimmering altar of Xom.
 23499 | D:13     | Found a shimmering altar of Xom.
 24128 | D:14     | Reached skill level 10 in Long Blades
 24947 | D:15     | Entered Level 15 of the Dungeon
 25258 | D:15     | Found Cebal's Weapon Shop.
 26308 | D:15     | Found a staircase to the Depths.
 26742 | D:15     | Got a bound tin ring
 26743 | D:15     | Identified the ring "Feenakhe" {Will+ Dex+4} (You found it
                  | on level 15 of the Dungeon)
 27685 | Lair:2   | Reached skill level 11 in Long Blades
 27923 | Lair:2   | Identified the +4 chain mail of Levity {+Blink} (You found
                  | it on level 2 of the Lair of Beasts)
 28204 | Lair:2   | Reached XP level 14. HP: 91/116 MP: 28/28
 29379 | Lair:3   | Reached skill level 1 in Evocations
 29556 | Lair:3   | Found a staircase to the Swamp.
 30371 | Lair:4   | Noticed Nergalle
 30383 | Lair:4   | Killed Nergalle
 30702 | Lair:4   | Identified a scroll of acquirement
 30724 | Lair:4   | Acquired 864 gold pieces
 31453 | Lair:5   | Noticed Acosmix's ghost (journeyman GrFi)
 31512 | Lair:5   | Found a runed translucent gate.
 31512 | Lair:5   | Found a runed translucent gate.
 31512 | Lair:5   | Found a runed translucent gate.
 32401 | Lair:5   | Found a viscous altar of Jiyva.
 32401 | Lair:5   | Found a staircase to the Slime Pits.
 32969 | Lair:6   | Entered Level 6 of the Lair of Beasts
 33230 | Lair:6   | Reached skill level 5 in Stealth
 33420 | Lair:6   | Reached skill level 12 in Long Blades
 35036 | Orc:1    | Entered Level 1 of the Orcish Mines
 35037 | Orc:1    | Paralysed by an orc sorcerer for 2 turns
 35247 | Orc:1    | Reached XP level 15. HP: 101/125 MP: 31/31
 35556 | Orc:1    | Reached skill level 10 in Air Magic
 35765 | Orc:1    | Identified the +11 arbalest of the Destroying Seeker
                  | {penet, Str-5 Int+4 SInv Stlth+}
 36794 | Orc:1    | Learned a level 4 spell: Iskenderun's Mystic Blast
 36801 | Orc:2    | Entered Level 2 of the Orcish Mines
 37486 | Orc:2    | Reached skill level 1 in Translocations
 38973 | Orc:2    | Found Neckap's General Store.
 38974 | Orc:2    | Found Pixzuzuif's Book Shop.
 38976 | Orc:2    | Found Ujoud's Antique Armour Shop.
 38976 | Orc:2    | Found Lifoghi's Antique Weapon Boutique.
 39132 | Orc:2    | Found a staircase to the Elven Halls.
 39190 | Orc:2    | Bought faintly humming shadow dragon scales for 2720 gold
                  | pieces
 39203 | Orc:2    | Identified the +7 shadow dragon scales "Fexzyele" {rF++
                  | Int+3 Dex+4 Stlth++++} (You bought it in a shop on level 2
                  | of the Orcish Mines)
 39579 | Swamp:1  | Entered Level 1 of the Swamp
 40688 | Swamp:1  | Reached skill level 10 in Dodging
 40689 | Swamp:1  | Reached skill level 13 in Long Blades
 41274 | D:7      | Bought an amulet of regeneration for 390 gold pieces
 41588 | Swamp:1  | Noticed Jorgrun
 41610 | Swamp:1  | Killed Jorgrun
 41635 | Swamp:1  | Reached skill level 10 in Fighting
 42746 | Swamp:3  | Noticed a thorn hunter
 42753 | Swamp:3  | Killed a thorn hunter
 42856 | Swamp:3  | Noticed a thorn hunter
 42888 | Swamp:3  | Killed a thorn hunter
 42889 | Swamp:3  | Reached XP level 16. HP: 120/134 MP: 33/33
 43649 | Swamp:4  | Entered Level 4 of the Swamp
 43988 | Swamp:4  | Noticed Mara
 44386 | Swamp:4  | Noticed Louise
 44608 | Swamp:4  | Cast into level 2 of the Abyss (Louise)
 44789 | Abyss:2  | Noticed a tentacled starspawn
 44798 | Abyss:2  | Killed a tentacled starspawn
 44813 | Swamp:4  | Escaped the Abyss
 44823 | Swamp:4  | Killed Louise
 44932 | Swamp:4  | Noticed Nikola
 44956 | Swamp:4  | Killed Nikola
 44963 | Swamp:4  | Reached skill level 10 in Shields
 45111 | Swamp:4  | Noticed Morbidden's illusion
 45122 | Swamp:4  | Reached skill level 14 in Long Blades
 45133 | Swamp:4  | Killed Mara
 45233 | Swamp:4  | Killed from afar by a thorn hunter

Illustrated notes

Levels and vault maps discovered:
D:1:      shiori_arrival_oz, layout_basic, minmay_tripent
D:2:      layout_loops_ring, overflow_temple_1_default,
          ebering_dispersal_statue_hall, uniq_crazy_yiuf_cottage
D:3:      layout_basic, okawaru_trees_1
D:4:      old_forge, layout_cave_pools, nicolae_overflow_hidden_temple,
          nemelex_xobeh_ov_fountains_minmay, uniq_grinder
D:5:      layout_loops_ring, cheibrodos_ashenzari_chains,
          nzn_hepliaklqana_mist_gate, st_stairs_9, makhleb_altar_promises_db
D:6:      layout_loops_cross, nicolae_overflow_crystal_walls,
          overflow_temple_1_default,
          nicolae_gozag_cash_rules_everything_around_me,
          minmay_temple_entry_waves, gammafunk_ghost_cemetery,
          kennysheep_generic_room_16
D:7:      layout_layer_cave, grunt_dithmenos_smoke_and_mirrors,
          lemuel_coloured_pillars_altar, serial_shops, shop, kennysheep_mini,
          nicolae_shop_window_shopping, uniq_menkaure
D:8:      layout_basic, nicolae_ossuary_entry_ruins, david_defended_altar_elf
D:9:      cheibrodos_wizards_tower, layout_cave_pods, david_lair_shrubbed,
          serial_shops, shop, basic_altar
D:10:     layout_irregular_city, erik_orc_2, grunt_ministairs_15
D:11:     layout_roguey, kennysheep_generic_room_9
D:12:     minmay_chambers_of_sixes, layout_basic
D:13:     layout_basic, david_vaults_5, ebering_ghost_inner_flame,
          doesnt_xom_only_xom
D:14:     layout_rooms, solitary_fountain, drop_trap
D:15:     hangedman_depths_entry_civil_slaughter, layout_loops_cross,
          serial_shops, nicolae_shop_statue_plus, nicolae_two_hexagons,
          minmay_statue_bubble
Lair:1:   gammafunk_boulding_lane, layout_long_grid, grunt_megastairs_4,
          minmay_lair_oklob_chamber, serial_bayou_shore_a, lemuel_fruit_tree
Lair:2:   regret_index_bee_streams, layout_big_grid,
          spider_nest_entry_funnel_web, basic_altar, minmay_shattered_shrine
Lair:3:   layout_cave_pods, minmay_swamp_entry_worms, minivault_25,
          beast_lair_carwin_7, grunt_megastairs_1, serial_bayou_shore_b
Lair:4:   dpeg_oklob_gauntlet, layout_regular_city, uniq_nergalle
Lair:5:   layout_layer_cave, slime_altar_1, maelrawn_ghost_gauntlet_escape
Lair:6:   minmay_lair_end_enchanted_forest, layout_hall_layers
Swamp:1:  layout_basic_swamp, serial_swamp_ruin, evilmike_swamp_ruin_house_3,
          evilmike_swamp_ruin_house_6, uniq_jorgrun
Swamp:2:  layout_basic_swamp, evilmike_swamp_ruin_wall, swamp_pool3
Swamp:3:  cheibrodos_swamp_tower_of_moss, layout_basic_swamp,
          evilmike_swamp_ruin_rubble_1, swamp_pool1
Swamp:4:  byrel_swamp_growth_death_and_undeath, layout_basic_swamp,
          infiniplex_staircase_pool, uniq_mara, uniq_nikola, uniq_louise
Orc:1:    layout_caves, minmay_orc_treasury
Orc:2:    st_orc_congregation, layout_diamond_mine, nicolae_orc_damp_corner

Skill      XL: |  1  2  3  4  5  6  7  8  9 10 11 12 13 14 15 16 |
---------------+-------------------------------------------------+-----
Fighting       | 3 4 5 7 8 9 10 | 10.8
Long Blades    | 2 3 4 5 6 7 8 9 11 12 13 14 | 14.1
Shields        | 3 4 5 6 7 8 9 10 | 10.0
Spellcasting   | 1 2 3 4 5 6 7 8 |  8.8
Dodging        | 1 2 3 4 5 6 8 9 10 | 10.8
Armour         | 3 4 5 6 7 8 |  8.6
Stealth        | 1 2 3 4 5 |  5.8
Short Blades   | 1 3 4 5 |  5.0
Conjurations   | 1 2 3 4 5 6 7 8 |  8.7
Air Magic      | 1 3 4 6 7 8 9 10 11 | 11.2
Evocations     | 2 3 4 |  4.0
Translocations | 2 4 |  4.5

Action                   |  1- 3 |  4- 6 |  7- 9 | 10-12 | 13-15 | 16-18 || total
-------------------------+-------+-------+-------+-------+-------+-------++-------
Melee: Long sword        |   141 |   170 |   376 |   105 |       |       ||   792
       Short sword       |       |    46 |       |       |       |       ||    46
       Dagger            |       |       |   300 |  1157 |   162 |   172 ||  1791
       Double sword      |       |       |       |    77 |  1118 |   280 ||  1475
       Demon blade       |       |       |       |       |       |     6 ||     6
Throw: Dart              |       |       |       |       |     2 |       ||     2
 Cast: Searing Ray       |       |       |       |    17 |    12 |    17 ||    46
       Magic Dart        |       |       |       |    12 |    16 |    33 ||    61
Evoke: Wand              |       |       |     6 |     5 |    25 |    14 ||    50
       Box of beasts     |       |       |       |       |     2 |     1 ||     3
       Phantom mirror    |       |       |       |       |     1 |     1 ||     2
       Condenser vane    |       |       |       |       |     1 |     1 ||     2
  Use: Scroll            |     3 |     7 |    11 |    13 |    23 |     3 ||    60
       Potion            |     1 |     2 |     2 |    11 |     4 |     7 ||    27
 Stab: Paralysed         |       |       |     9 |       |     2 |       ||    11
       Sleeping          |       |       |       |    19 |     6 |     1 ||    26
       Distracted        |       |       |       |     1 |       |     3 ||     4
       Confused          |       |       |       |       |     1 |       ||     1
Armor: Scale mail        |    76 |   134 |   231 |       |       |       ||   441
       Chain mail        |       |       |    39 |       |   370 |       ||   409
       Skin              |       |       |    11 |    72 |       |       ||    83
       Plate armour      |       |       |   122 |    74 |   180 |       ||   376
       Troll leather arm |       |       |       |   267 |       |       ||   267
       Shadow dragon sca |       |       |       |       |   136 |   447 ||   583
Dodge: Dodged            |    67 |    79 |   239 |   574 |   567 |   403 ||  1929
Block: Kite shield       |    86 |   154 |   454 |   833 |   745 |       ||  2272
       Buckler           |       |       |       |       |    77 |   284 ||   361
       Rpst.: Long sword |    22 |    19 |    45 |    11 |       |       ||    97
       Double sword      |       |       |       |     6 |   111 |    36 ||   153

Table legend: (Time is in decaauts)
 A = Elapsed time spent in this place.
 B = Non-inter-level travel time spent in this place.
 C = Inter-level travel time spent in this place.
 D = Time resting spent in this place.
 E = Time spent auto-exploring this place.
 F = Levels seen in this place.
 G = Mean time per level.
                   A        B        C        D        E       F      G
               +--------+--------+--------+--------+--------+-----+--------+
         Total |  45411 |  42635 |   2776 |   8754 |  25540 |  29 | 1565.9 |
       Dungeon |  24021 |  22071 |   1950 |   3488 |  14221 |  15 | 1601.4 |
          Lair |  12463 |  11862 |    601 |   2667 |   7269 |   6 | 2077.2 |
         Swamp |   3992 |   3889 |    103 |    972 |   1821 |   4 |  998.0 |
  Orcish Mines |   4227 |   4107 |    120 |   1627 |   1742 |   2 | 2113.5 |
         Abyss |    193 |    193 |      0 |      0 |    111 |   1 |  193.0 |
       Ossuary |    513 |    513 |      0 |      0 |    375 |   1 |  513.0 |
               +--------+--------+--------+--------+--------+-----+--------+

Top non-repeatable levels by time:
   Orc:1: 3143 daAuts
  Lair:3: 2802 daAuts
  Lair:2: 2392 daAuts
  Lair:1: 2276 daAuts
     D:4: 2232 daAuts
    D:15: 2202 daAuts
     D:9: 2172 daAuts
    D:10: 2091 daAuts
  Lair:6: 1926 daAuts
     D:6: 1870 daAuts
    D:13: 1761 daAuts
 Swamp:3: 1695 daAuts
  Lair:5: 1693 daAuts
     D:3: 1671 daAuts
    D:11: 1625 daAuts
